 Dungeon Crawl Stone Soup version 0.27-a0-1140-g099f9bb0e8 (webtiles) character file.

Game seed: 5471280079509489125

182 EnegeticOcto the Conjurer (level 5, -4/28 HPs)
             Began as a Gargoyle Fire Elementalist on May 9, 2021.
             Was a Follower of Qazlal.
             Killed from afar by Ijyb (20 damage)
             ... with a bolt of acid
             ... on level 3 of the Dungeon.
             The game lasted 00:08:25 (4143 turns).

EnegeticOcto the Conjurer (GrFE)                    Turns: 4143, Time: 00:08:25

Health: -4/28      AC:  3    Str: 12    XL:     5   Next: 61%
Magic:  8/8        EV: 11    Int: 16    God:    Qazlal [*.....]
Gold:   87         SH:  1    Dex: 10    Spells: 1/8 levels left

rFire    . . .     SeeInvis .   k - +0 dagger (venom)
rCold    . . .     Faith    .   (no shield)
rNeg     + . .     Spirit   .   a - +0 robe
rPois    ∞         Reflect  .   d - +0 helmet
rElec    +         Harm     .   (no cloak)
rCorr    .         Rampage  .   (no gloves)
Will     +....                  (no boots)
Stlth    ++........             (no amulet)
HPRegen  0.09/turn              o - ring of willpower
MPRegen  0.11/turn              (no ring)

@: corroded
A: sickness immunity, AC +4, negative energy resistance 1, electricity
resistance, torment resistance 1, unbreathing 1, petrification resistance
a: Renounce Religion


You were on level 3 of the Dungeon.
You worshipped Qazlal.
Qazlal was aware of your devotion.
You visited 1 branch of the dungeon, and saw 3 of its levels.

You collected 87 gold pieces.

Inventory:

Hand Weapons
 c - a +0 hand axe
   (You found it on level 1 of the Dungeon)
 k - a +0 dagger of venom (weapon)
   (You took it off a kobold on level 2 of the Dungeon)
 n - a +0 spear
   (You took it off a gnoll on level 3 of the Dungeon)
Missiles
 b - 83 stones
 h - 6 atropa-tipped darts
 l - 5 boomerangs
Armour
 a - a +0 robe (worn)
 d - a +0 helmet (worn)
   (You found it on level 1 of the Dungeon)
Jewellery
 o - a ring of willpower (left hand)
   (You found it on level 3 of the Dungeon)
Scrolls
 e - 3 scrolls of amnesia
 i - a scroll of brand weapon {unknown}
 p - a scroll of identify {unknown}
 r - a scroll of silence {unknown}
Potions
 g - 3 potions of curing {@q1 !q}
 j - 2 potions of mutation {unknown}
 m - a potion of haste {unknown}
 q - a potion of degeneration {unknown}


   Skills:
 - Level 1.5 Dodging
 - Level 3.0 Stealth
 - Level 2.0 Spellcasting
 + Level 4.4 Conjurations
 + Level 4.2 Fire Magic


You had one spell level left.
You knew the following spells:

 Your Spells              Type           Power      Damage    Failure   Level
a - Inner Flame           Hex/Fire       8%         N/A       26%         3
b - Foxfire               Conj/Fire      60%        2x1d7     3%          1
c - Conjure Flame         Conj/Fire      15%        6-21      11%         3

Your spell library contained the following spells:

 Spells                   Type           Power      Damage    Failure   Level
 Animate Skeleton         Necr           2%         N/A       21%         1
 Pain                     Necr           4%         1d4       21%         1
 Sticky Flame             Conj/Fire      15%        2d4       34%         4
 Vampiric Draining        Necr           0%         2d6       52%         3
 Fireball                 Conj/Fire      7%         3d5       67%         5
 Animate Dead             Necr           0%         N/A       90%         4
 Agony                    Necr           1%         N/A       99%         5


Dungeon Overview and Level Annotations

Branches:
Dungeon (3/15)

Altars:
Ashenzari
Fedhas
Gozag
Qazlal
Trog

Annotations:
D:3 1 runed translucent door, exclusions: orc, orc priest and 1 more exclusion, Ijyb; Jano's ghost, amateur VSFi


Innate Abilities, Weirdness & Mutations

You are immune to sickness and miasma.
Your stone body is resilient. (AC +4)
You are immune to poison.
You resist negative energy. (rN+)
You are resistant to electric shocks. (rElec)
You are resistant to unholy torment.
You can survive without breathing.
You are immune to petrification.


Message History

You conjure some foxfire!
The foxfire hits Terence but does no damage.
Terence is lightly wounded.
The foxfire hits Terence but does no damage.
Terence is lightly wounded.
Casting: Foxfire (safe; 3% risk of failure)
Confirm with . or Enter, or press ? or * to list all spells.
You conjure some foxfire!
The foxfire hits Terence.
Terence is lightly wounded.
The foxfire hits Terence.
Terence is lightly wounded.
Casting: Foxfire (safe; 3% risk of failure)
Confirm with . or Enter, or press ? or * to list all spells.
You conjure some foxfire!
The foxfire hits Terence but does no damage.
Terence is lightly wounded.
The foxfire hits Terence.
Terence is moderately wounded.
You hit Terence but do no damage.
Terence is poisoned.
Terence is moderately wounded.
Your foxfire is struck by lightning.
The foxfire hits Terence.
Terence is heavily wounded.
Terence hits you but does no damage.
You hit Terence but do no damage.
Terence looks as sick as possible!
Terence is heavily wounded.
Terence hits you but does no damage.
You barely miss Terence.
Terence is heavily wounded.
Terence says, "You're history."
Terence hits you with a +0 short sword.
You hit Terence but do no damage.
Terence looks as sick as possible!
Terence is severely wounded.
Terence barely misses you.
You kill Terence!
Qazlal accepts your kill.
Items here: ) [ ††.
A goblin is nearby!
Casting: Foxfire (safe; 3% risk of failure)
Confirm with . or Enter, or press ? or * to list all spells.
You conjure some foxfire!
The goblin shouts!
The goblin unwields a +0 dagger.
The goblin wields a +0 hunting sling.
The goblin shoots a stone.
You block the stone.
The foxfire hits the goblin.
You kill the goblin!
Qazlal accepts your kill.
Your foxfire dissipates!
Magic restored.
b - 83 stones (gained 22);
r - a scroll labelled PONTAAC RIVO
Things that are here:
a +0 hunting sling; a +0 dagger; a goblin corpse
There is an open door here.
A goblin is nearby!
Found a broken altar of Ashenzari.
The goblin shouts!
Casting: Foxfire (safe; 3% risk of failure)
Confirm with . or Enter, or press ? or * to list all spells.
You conjure some foxfire!
The foxfire hits the goblin.
You kill the goblin!
Qazlal accepts your kill.
You see here a +0 dagger.
Your foxfire dissipates!
An orc and 2 orc priests come into view.
Found a fizzy black potion.
You start waiting.
Done waiting.
j - 2 fizzy black potions (gained 1)
Items here: ) [ ÷÷.
e - 3 scrolls of amnesia (gained 1)
Things that are here:
a +0 hunting sling; a +0 dagger; a goblin skeleton
Things that are here:
a +0 hunting sling; a +0 dagger; a goblin skeleton
There is a stone staircase leading down here.
Things that are here:
a +0 short sword; a +0 ring mail; the human skeleton of Terence
Things that are here:
a +0 hunting sling; a +0 dagger; a goblin skeleton
There is an open door here.
You see here a +0 club.
There is an open door here.
You hear a shout!
Ijyb is nearby!
Okay, then.
Okay, then.
You aren't carrying any items that you can evoke without wielding.
Unknown command.
Okay, then.
Okay, then.
As you read the scroll labelled LIOTOV YXZA, it crumbles to dust.
You feel aware of your surroundings.
It was a scroll of magic mapping.
Ijyb zaps a wand.
The bolt of acid hits you! The acid corrodes you!
You are splashed with acid!
* * * LOW HITPOINT WARNING * * *
Okay, then.
It was a potion of curing.
You feel better.
Ijyb zaps a wand.
The bolt of acid hits you!!
Ouch! That really hurt!
You die...

....#.# *.#* ###.#.#
###########*..* ..#.#.#
###..........,..# #.#<#.#
###...#..#..#..#..# ..#.#.#
#...#..#..#.g#..#.# ###.#.#
#....#..#..#..#...#
....#.###.....#..#g.#..#,,*
....#.......#..#..#..#..#,*
...............○@........,*
....#......#..........#...*
....#......#.............#*
....#......#..........####
....#......############
#####......# #......#
#......# ########


You could see Ijyb.

Vanquished Creatures
  Terence (D:3)
  Natasha (D:3)
  3 adders (D:2)
  3 gnolls (D:3)
  A worm (D:2)
  A dart slug (D:2)
  An orc (D:3)
  4 endoplasms
  A giant cockroach (D:2)
  8 goblins
  7 hobgoblins
  9 jackals
  A quokka (D:3)
  4 ball pythons
  5 bats
  5 frilled lizards
  4 kobolds (D:2)
  10 rats
  2 foxfires
71 creatures vanquished.

Vanquished Creatures (others)
  183 foxfires
183 creatures vanquished.

Grand Total: 254 creatures vanquished

Notes
Turn   | Place    | Note
-------+----------+-------------------------------------------
     0 | D:1      | EnegeticOcto the Gargoyle Fire Elementalist began the quest
                  | for the Orb.
     0 | D:1      | Reached XP level 1. HP: 10/10 MP: 3/3
   268 | D:1      | Reached XP level 2. HP: 10/15 MP: 0/5
   706 | D:1      | Reached skill level 2 in Conjurations
   777 | D:1      | Reached skill level 3 in Stealth
  1103 | D:1      | Reached XP level 3. HP: 19/19 MP: 4/6
  1267 | D:2      | Learned a level 3 spell: Inner Flame
  1304 | D:2      | Reached skill level 3 in Conjurations
  1798 | D:2      | Reached XP level 4. HP: 24/24 MP: 2/7
  2108 | D:2      | Found a faded altar of an unknown god.
  2190 | D:2      | Became a worshipper of Qazlal Stormbringer
  2190 | D:2      | Reached * piety under Qazlal
  2207 | D:2      | Learned a level 3 spell: Conjure Flame
  2374 | D:3      | Noticed Natasha
  2374 | D:3      | Noticed Terence
  2585 | D:3      | Noticed Ijyb
  2894 | D:3      | Found an opulent altar of Gozag.
  2983 | D:3      | Reached skill level 4 in Conjurations
  2983 | D:3      | Reached XP level 5. HP: 11/28 MP: 0/8
  3233 | D:3      | Found a bloodstained altar of Trog.
  3233 | D:3      | Found a blossoming altar of Fedhas.
  3355 | D:3      | Found a runed translucent door.
  3358 | D:3      | Noticed Jano's ghost (amateur VSFi)
  3500 | D:3      | Killed Natasha
  3501 | D:3      | Reached skill level 4 in Fire Magic
  3538 | D:3      | Killed Terence
  3649 | D:3      | Found a broken altar of Ashenzari.
  4143 | D:3      | Killed from afar by Ijyb

Illustrated notes

Levels and vault maps discovered:
D:1:      dpeg_arrival_solitude, layout_loops_corners
D:2:      cheibrodos_helix_gallery, layout_rooms, basic_ecumenical_altar
D:3:      layout_basic, old_standard_altar, grunt_gozag_statues,
          gammafunk_temple_overflow_pools, ebering_ghost_reflecting_pool,
          minmay_misc_feat_diagonals, hex_intersection, uniq_terence, uniq_ijyb,
          uniq_natasha

Skill      XL: |  1  2  3  4  5 |
---------------+----------------+-----
Conjurations   | 2 3 4 |  4.4
Stealth        | 3 |  3.0
Fire Magic     | 4 |  4.2
Dodging        | |  1.5
Spellcasting   | |  2.0

Action                   |  1- 3 |  4- 6 || total
-------------------------+-------+-------++-------
Melee: Hand axe          |    10 |       ||    10
       Dagger            |       |    29 ||    29
 Cast: Foxfire           |    63 |    45 ||   108
       Conjure Flame     |       |     6 ||     6
  Use: Scroll            |     1 |     1 ||     2
       Potion            |       |     1 ||     1
Armor: Robe              |    11 |    28 ||    39
Dodge: Dodged            |    18 |    24 ||    42
Block: Other             |       |     2 ||     2

Table legend: (Time is in decaauts)
 A = Elapsed time spent in this place.
 B = Non-inter-level travel time spent in this place.
 C = Inter-level travel time spent in this place.
 D = Time resting spent in this place.
 E = Time spent auto-exploring this place.
 F = Levels seen in this place.
 G = Mean time per level.
                   A        B        C        D        E       F      G
               +--------+--------+--------+--------+--------+-----+--------+
         Total |   4146 |   4023 |    123 |    799 |   2420 |   3 | 1382.0 |
       Dungeon |   4146 |   4023 |    123 |    799 |   2420 |   3 | 1382.0 |
               +--------+--------+--------+--------+--------+-----+--------+

Top non-repeatable levels by time:
     D:3: 1655 daAuts
     D:1: 1310 daAuts
     D:2: 1180 daAuts
